 Dungeon Crawl Stone Soup version 0.21-a0-582-g1b93aee (webtiles) character file.

184 Gaball the Cudgeler (level 5, -4/41 HPs)
             Began as a Demonspawn Monk on Dec 19, 2017.
             Was an Elder of Jiyva.
             Slain by an ogre
             ... wielding a +0 giant spiked club
              (21 damage)
             ... on level 4 of the Dungeon.
             The game lasted 00:04:41 (2775 turns).

Gaball the Cudgeler (Demonspawn Monk)               Turns: 2775, Time: 00:04:42

Health: -4/41      AC:  6    Str: 14    XL:     5   Next: 36%
Magic:  5/5        EV: 12    Int: 10    God:    Jiyva [****..]
Gold:   146        SH:  0    Dex: 15    Spells: 4/4 levels left

rFire    . . .     SeeInvis .   a - +0 mace
rCold    . . .     Gourm    .   (no shield)
rNeg     . . .     Faith    .   f - +0 ring mail
rPois    +         Spirit   .   (no helmet)
rElec    .         Reflect  .   (no cloak)
rCorr    +         Harm     .   (no gloves)
MR       .....                  l - +0 pair of boots
Stlth    +.........             (no amulet)
HPRegen  0.13/turn              (no ring)
MPRegen  0.09/turn              (no ring)

@: no status effects
A: foul stench 1, poison resistance, rot immunity, sturdy frame 1
a: Request Jelly, Slimify, Renounce Religion


You were on level 4 of the Dungeon.
You worshipped Jiyva.
Jiyva was greatly pleased with you.
You were not hungry.

You visited 1 branch of the dungeon, and saw 4 of its levels.

You collected 146 gold pieces.

Inventory:

Hand Weapons
 a - a +0 mace (weapon)
Armour
 b - a +0 robe
 f - a +0 ring mail (worn)
 l - a +0 pair of boots (worn)
Wands
 e - a wand of paralysis (11)
Scrolls
 d - 5 scrolls of identify {unknown}
 h - 2 scrolls of noise {unknown}
 k - a scroll of random uselessness {unknown}
 o - a scroll of fear {unknown}
 q - 2 scrolls of teleportation {unknown}
 r - a scroll of enchant weapon {unknown}
 v - a scroll of enchant armour {unknown}
 y - a scroll of remove curse {unknown}
 z - a scroll of blinking {unknown}
Potions
 g - 3 potions of magic {unknown}
 i - a potion of cancellation {unknown}
 j - a potion of ambrosia {unknown}
 m - 2 potions of haste
 n - a potion of degeneration {unknown}
 p - a potion of agility {unknown}
 s - 2 potions of flight {unknown}
 t - a potion of mutation {unknown}
 u - a potion of resistance {unknown}
Books
 w - a book of Necromancy

   Spells                             Type                      Level
   a - Pain                           Necromancy                   1
   b - Animate Skeleton               Necromancy                   1
   c - Vampiric Draining              Necromancy                   3
   d - Regeneration                   Charms/Necromancy            3
   e - Animate Dead                   Necromancy                   4
   f - Control Undead                 Necromancy                   4
Comestibles
 c - 6 rations


   Skills:
 - Level 3.0 Fighting
 + Level 5.6 Maces & Flails
 - Level 2.6 Dodging
 - Level 1.7 Stealth


You had 4 spell levels left.
You didn't know any spells.

Dungeon Overview and Level Annotations

Branches:
Dungeon (4/15)
 Temple: D:4-7

Altars:
Ru
Vehumet
Jiyva


Innate Abilities, Weirdness & Mutations

You may emit foul miasma when damaged in melee.
You are immune to rotting.
Your movements are slightly less encumbered by armour. (ER -2)
Your system is resistant to poisons. (rPois)


Message History

You completely miss the ogre.
The ogre is moderately wounded.
The ogre hits you with a giant spiked club.
The ogre looks sick.
You hear a distant slurping noise.
Jiyva appreciates your sacrifice.
You feel a little less hungry.
You hit the ogre.
The ogre is moderately wounded.
The ogre hits you with a giant spiked club!
You hit the ogre but do no damage.
The ogre is moderately wounded.
You hit the ogre.
The ogre is heavily wounded.
The ogre hits you with a giant spiked club!
You hit the ogre.
The ogre is severely wounded.
The ogre hits you with a giant spiked club!!
Ouch! That really hurt!
You die...

....<.....#.#
..........#.###
######..........†.
#....#.#####.#.###
#.##.#.......#.#
#.##.#########.#
#.##...........#
#.##############
#@# #O# #.# #)#
#.# #.# #.#
.#......#.#
#....Z§.#.#


You could see an ogre.

Vanquished Creatures
  Eustachio (D:4)
  A hound (D:4)
  4 adders
  An ooze (D:1)
  A worm (D:2)
  5 dart slugs
  4 leopard geckos
  An orc (D:3)
  A ball python (D:1)
  7 bats
  2 giant cockroaches
  3 goblins
  5 hobgoblins
  A quokka (D:3)
  5 frilled lizards
  5 kobolds
  9 rats
56 creatures vanquished.

Vanquished Creatures (others)
  A scorpion (D:4)
  2 jellies (D:4)
  An orc priest (D:4)
  An orc wizard (D:4)
  3 orcs (D:4)
  A bat (D:3)
9 creatures vanquished.

Grand Total: 65 creatures vanquished

Notes
Turn   | Place    | Note
-------+----------+-------------------------------------------
     0 | D:1      | Gaball the Demonspawn Monk began the quest for the Orb.
     0 | D:1      | Reached XP level 1. HP: 18/18 MP: 1/1
    40 | D:1      | Reached skill level 3 in Maces & Flails
   148 | D:1      | Gained mutation: You are immune to rotting. [demonic ancestry]
   148 | D:1      | Reached XP level 2. HP: 20/24 MP: 2/2
   760 | D:2      | Reached XP level 3. HP: 29/29 MP: 3/3
   875 | D:2      | Found a radiant altar of Vehumet.
   912 | D:2      | Reached skill level 4 in Maces & Flails
  1509 | D:2      | Gained mutation: You may emit foul miasma when damaged in melee. [demonic ancestry]
  1509 | D:2      | Reached XP level 4. HP: 27/35 MP: 4/4
  1567 | D:2      | Found a sacrificial altar of Ru.
  2055 | D:3      | Found a faded altar of an unknown god.
  2100 | D:3      | Became a worshipper of Jiyva Jadeaxza the Shapeless
  2100 | D:3      | Reached * piety under Jiyva
  2100 | D:3      | Reached ** piety under Jiyva
  2212 | D:3      | Reached *** piety under Jiyva
  2404 | D:3      | Reached skill level 5 in Maces & Flails
  2640 | D:4      | Gained mutation: Your movements are slightly less encumbered by armour. (ER -2) [demonic ancestry]
  2640 | D:4      | Reached XP level 5. HP: 29/41 MP: 5/5
  2728 | D:4      | Noticed Eustachio
  2731 | D:4      | Noticed an ogre
  2740 | D:4      | Gained mutation: Your system is resistant to poisons. (rPois) [Jiyva's grace]
  2740 | D:4      | Reached **** piety under Jiyva
  2767 | D:4      | Killed Eustachio
  2775 | D:4      | Slain by an ogre

Vault maps used:
D:1:      mrwooster_arrival_arrow, serial_curves, eino_curves_01,
          eino_curves_02, dk_noncrumbling_3
D:2:      wad_crossroads, vehumet_crystals, nicolae_overflow_crystal_walls
D:3:      chequers_ecumenical_altar_lobes, first_ration
D:4:      wad_pebble_path, uniq_eustachio

Skill      XL: |  1  2  3  4 |
---------------+-------------+-----
Maces & Flails | 3 4 5 |  5.6
Fighting       | |  3.0
Dodging        | |  2.6
Stealth        | |  1.7

Action                   |  1- 3 |  4- 6 || total
-------------------------+-------+-------++-------
Melee: Mace              |   122 |   103 ||   225
Invok: Request Jelly     |       |     2 ||     2
 Stab: Sleeping          |     4 |     2 ||     6
  Eat: Chunk             |     1 |     3 ||     4
Armor: Ring mail         |    42 |    42 ||    84
       Robe              |     3 |       ||     3
Dodge: Dodged            |    96 |    77 ||   173

Table legend:
 A = Spawn XP
 B = Non-spawn XP
 C = Spawn XP percentage of total XP
 D = Spawn monster count
 E = Non-spawn monster count
 F = Spawn count percentage of total count
 G = Total turns spent on level
                    A         B        C        D         E        F      G
               +---------+---------+-------+---------+---------+-------+---------
         Total |       0 |     263 |   0.0 |       0 |      56 |   0.0 |  2775
               +---------+---------+-------+---------+---------+-------+---------
           D:1 |       0 |      35 |   0.0 |       0 |      16 |   0.0 |   850
           D:2 |       0 |      73 |   0.0 |       0 |      19 |   0.0 |  1100
           D:3 |       0 |      50 |   0.0 |       0 |      19 |   0.0 |   665
           D:4 |       0 |     105 |   0.0 |       0 |       2 |   0.0 |   160
               +---------+---------+-------+---------+---------+-------+---------
